 Dungeon Crawl Stone Soup version 0.29-a0-360-g8ed1089bbe (webtiles) character file.

Game seed: 6745726794298034814

8763 spaghetti the Protected (level 11, -1/87 HPs)
             Began as a Vine Stalker Artificer on Apr 28, 2022.
             Was a High Priest of Trog.
             Succumbed to an orc's poison
             ... on level 9 of the Dungeon.
             The game lasted 00:17:51 (8600 turns).

spaghetti the Protected (Vine Stalker Artificer)    Turns: 8600, Time: 00:17:52

Health: -1/87      AC: 29    Str: 20    XL:     11   Next: 35%
Magic:  10/12      EV:  9    Int: 14    God:    Trog [*****.]
Gold:   378        SH:  0    Dex: 14    Spells: 10/10 levels left

rFire   . . .      SeeInvis .   D - +1 spear (vorpal) {polearm}
rCold   . . .      Faith    +   (no shield)
rNeg    . . .      Spirit   +   u - +7 plate armour of the Vaults {Int+3}
rPois   .          Reflect  .   p - +0 helmet
rElec   .          Harm     .   l - +1 cloak
rCorr   .          Rampage  .   (no gloves)
Will    +++..                   (no boots)
Stlth   ..........              h - amulet of faith {!P}
HPRegen 2.04/turn               o - +4 ring of protection
MPRegen 0.13/turn               (no ring)

@: berserking, lethally poisoned (-1 -> -10), strong-willed, regenerating, very
quick
A: fangs 3, regeneration 1, magic shield, antimagic bite, no potion heal 2
a: Renounce Religion, Berserk, Trog's Hand, Brothers in Arms


You were on level 9 of the Dungeon.
You worshipped Trog.
Trog was extremely pleased with you.
You visited 1 branch of the dungeon, and saw 10 of its levels.

You collected 378 gold pieces.


Innate Abilities, Weirdness & Mutations

You have razor-sharp teeth.
Your natural rate of healing is unusually fast.
When hurt, damage is shared between your health and your magic reserves.
Your bite disrupts and absorbs the magic of your enemies.
Potions cannot restore your health.


   Skills:
 + Level 7.2 Fighting
 * Level 9.3 Armour
 + Level 6.5 Dodging
 - Level 1.2 Stealth
 + Level 7.8 Evocations


You had 10 spell levels left.
You didn't know any spells.
Your spell library contained the following spells:

 Spells                   Type           Power      Damage    Failure   Level
 Slow                     Hex            0%         N/A       99%         1
 Sting                    Tmut/Pois      0%         1d3       99%         1
 Corpse Rot               Necr/Air       0%         N/A       100%        2
 Poisonous Vapours        Pois/Air       0%         N/A       100%        2
 Confusing Touch          Hex            0%         N/A       100%        3
 Dazzling Flash           Conj/Hex       0%         N/A       100%        3
 Gell's Gravitas          Tloc           0%         N/A       100%        3
 Inner Flame              Hex/Fire       0%         N/A       100%        3
 Lesser Beckoning         Tloc           0%         N/A       100%        3
 Teleport Other           Tloc           0%         N/A       100%        3
 Vampiric Draining        Necr           0%         2d6       100%        3
 Cause Fear               Hex            0%         N/A       100%        4
 Iskenderun's Mystic Bla  Conj/Tloc      0%         2d3       100%        4
 Olgreb's Toxic Radiance  Pois           0%         N/A       100%        4
 Starburst                Conj/Fire      0%         6d3       100%        6
 Discord                  Hex            0%         N/A       100%        8

Inventory:

Hand Weapons
 a - a +0 club {mace}
 m - a +0 short sword of draining {short}
   (You found it on level 1 of the Dungeon)
 C - a +1 short sword {short}
   (You took it off a wight on level 4 of the Dungeon)
 D - a +1 vorpal spear (weapon) {polearm}
   (You took it off a wight on level 5 of the Dungeon)
 E - a +3 long sword {long}
   (You took it off a wight on level 5 of the Dungeon)
Missiles
 f - 292 stones (quivered) {throwing}
 k - 3 atropa-tipped darts {throwing}
 s - 9 poisoned darts {throwing}
 w - 3 throwing nets {=f!fthrowing}
 N - 5 boomerangs {throwing}
Armour
 b - a +0 leather armour
 l - a +1 cloak (worn)
   (You found it on level 1 of the Dungeon)
 p - a +0 helmet (worn)
   (You found it on level 2 of the Dungeon)
 r - a +0 troll leather armour {Pargi}
   (You found it on level 3 of the Dungeon)
 u - the +7 plate armour of the Vaults (worn) {Int+3}
   (You found it on level 3 of the Dungeon)

   Int:       It affects your intelligence (+3).
Jewellery
 h - an amulet of faith (around neck) {!P}
   (You found it on level 1 of the Dungeon)
 o - a +4 ring of protection (left hand)
   (You found it on level 3 of the Dungeon)
 O - a ring of flight
   (You took it off a wight on level 9 of the Dungeon)
Wands
 c - a wand of flame (35)
 d - a wand of charming (31)
 e - a wand of iceblast (30)
 y - a wand of paralysis (4)
   (You found it on level 4 of the Dungeon)
 z - a wand of digging (6)
   (You found it on level 4 of the Dungeon)
 P - a wand of polymorph (14)
   (You found it on level 8 of the Dungeon)
Scrolls
 i - 2 scrolls of immolation {!r!r}
 n - 6 scrolls of teleportation {@r4}
 x - 3 scrolls of blinking {!r}
 H - a scroll of vulnerability {!r!r}
 J - a scroll of magic mapping {!r}
 M - 2 scrolls of torment {!r}
Potions
 g - 2 potions of degeneration {!q@e2}
 j - a potion of lignification {unknown}
 q - a potion of berserk rage {!q}
 t - 4 potions of curing {unknown}
 v - a potion of attraction {unknown}
 A - 2 potions of heal wounds {unknown}
 B - 2 potions of haste {unknown}
 F - 2 potions of might
 G - a potion of invisibility {unknown}
 I - a potion of resistance {unknown}
 K - a potion of flight {unknown}
 L - a potion of magic {unknown}

Dungeon Overview and Level Annotations

Branches:
Dungeon (10/15)            Temple (0/1) D:5            Lair (0/6) D:9
    Orc: D:9-12

Altars:
Hepliaklqana
Sif Muna
Trog
Vehumet
Xom
Zin

#........))..##..##.##
##.#..#########..##.# ##.#..#
#..##.#### ###.....#
#........# ........#
#.###.##.# ###...#.# #.#
#.##.# ###.##.# #.###.##.#
#......# #####..##.##.#
##......# #.Y>@).##.##.#
........# #.#######.##.####
##......# #.# #..#....#
..####..# #.# ##.####.#
....###.#####.#### #.# #.#
.....#........<..#####.####.#
...P...######...............#
.......# #....#####.##.###
......## #.#...####.##.#


You could see a yak.


Message History

The orc hits you with a +1 mace of venom.
You are more poisoned.
The yak snorts and paws the ground.
The yak gores you! 😮 HP[-13] MP[-3]
You take 13 damage, and now have 40/58 hp.
MASSIVE DAMAGE!! (PAUSE)
You lost 3 mp, and now have 8/12 mp.
You closely miss the orc.
You feel very sick. The yak gores you but does no damage.
The orc misses you. 😮 HP[-2]
You take 2 damage, and now have 38/58 hp.
You closely miss the orc. You bite the orc. You drain its power.
You feel invigorated.
You feel very sick. The yak gores you but does no damage.
The orc closely misses you. 😮 HP[-2] MP[+4]
You take 2 damage, and now have 36/58 hp.
Your mp is fully restored (12).
You hit the orc but do no damage. You bite the orc. You drain its power.
You feel sick. The yak barely misses you. The orc hits you but does no damage.
You are more poisoned. 😮 HP[-1]
You take 1 damage, and now have 35/58 hp.
Unknown command.
You closely miss the orc. You bite the orc, but do no damage.
You feel very sick. The yak gores you but does no damage.
The orc hits you but does no damage.
You are more poisoned. 😮 HP[-3]
You take 3 damage, and now have 32/58 hp.
Unknown command.
You hit the orc but do no damage.
You feel very sick. The yak gores you but does no damage.
The orc hits you but does no damage. 😨 HP[-3]
You take 3 damage, and now have 29/58 hp.
You barely miss the orc. You bite the orc, but do no damage.
You feel very sick. The yak gores you but does no damage.
The orc hits you with a +1 mace of venom.
* * * LOW HITPOINT WARNING * * *
You are more poisoned. 😨 HP[-4] MP[-1]
You take 4 damage, and now have 25/58 hp.
You lost 1 mp, and now have 11/12 mp.
Unknown command.
You hit the orc but do no damage. Your bite misses the orc.
You feel extremely sick. The yak gores you but does no damage.
The orc hits you but does no damage.
You are more poisoned. 😨 HP[-6]
You take 6 damage, and now have 19/58 hp.
You hit the orc but do no damage.
* * * LOW HITPOINT WARNING * * *
You feel very sick. The yak gores you.
* * * LOW HITPOINT WARNING * * *
The orc hits you but does no damage.
You are lethally poisoned!
The yak gores you but does no damage. The orc hits you but does no damage.
You are more poisoned. 😱 HP[-6]
You take 6 damage, and now have 13/58 hp.
Your skin crawls.
You feel strong-willed.
* * * LOW HITPOINT WARNING * * *
You feel extremely sick. The orc barely misses you. The yak gores you.
* * * LOW HITPOINT WARNING * * *
😱 HP[-7] MP[-1]
You take 7 damage, and now have 6/58 hp.
You lost 1 mp, and now have 10/12 mp.
Unknown command.
A red film seems to cover your vision as you go berserk!
You feel yourself moving faster!
You feel mighty!
* * * LOW HITPOINT WARNING * * *
You feel very sick. The orc hits you but does no damage.
You are more poisoned.
The yak gores you but does no damage. 😱 HP[-1]
You now have 87 max hp (+29).
Unknown command.
You hit the orc.
You kill the orc!
Trog accepts your kill.
* * * LOW HITPOINT WARNING * * *
You feel very sick. 😱 HP[-4]
You take 4 damage, and now have 1/87 hp.
Unknown command.
You are possessed by a berserker rage.
You are lethally poisoned (1 -> -7).
Your willpower is greatly increased.
You are regenerating.
Your movement speed is very quick.
Your attack delay is about 0.7.
Your base attributes are Str 20, Int 11, Dex 14.
You are too berserk!
You die...

Skill      XL: |  1  2  3  4  5  6  7  8  9 10 11 |
---------------+----------------------------------+-----
Fighting       | 1 2 3 4 5 6 7 |  7.2
Dodging        | 1 2 3 4 5 6 |  6.5
Evocations     | 3 4 5 6 7 |  7.8
Armour         | 2 3 4 6 7 8 9 |  9.3
Stealth        | |  1.2

Action                   |  1- 3 |  4- 6 |  7- 9 | 10-12 || total
-------------------------+-------+-------+-------+-------++-------
Melee: Club              |    50 |    29 |       |       ||    79
       Bite              |    23 |    34 |    89 |   162 ||   308
       Punch             |     2 |       |     5 |     7 ||    14
       Short sword       |    58 |   117 |    31 |       ||   206
       Spear             |       |       |   227 |   535 ||   762
Throw: Stone             |    39 |    43 |    25 |    30 ||   137
Invok: Berserk           |     1 |     2 |     5 |     7 ||    15
       Trog's Hand       |       |       |     5 |     6 ||    11
  Use: Scroll            |     6 |     1 |     4 |     4 ||    15
 Stab: Sleeping          |     2 |     1 |       |       ||     3
Armor: Leather armour    |    35 |    17 |       |       ||    52
       Plate armour      |       |    77 |   275 |   635 ||   987
       Troll leather arm |       |    10 |       |       ||    10
Dodge: Dodged            |    80 |    66 |   120 |   312 ||   578

Levels and vault maps discovered:
D:1:      lemuel_arrival_broad_hall, layout_loops_ring,
          ebering_ecumenical_altar_hall, serial_bayou_pond_b
D:2:      layout_rooms, st_stairs_4, item_on_display_b
D:3:      layout_loops_corners, uniq_pargi
D:4:      layout_basic, chequers_temple_overflow_statue_of_worship
D:5:      layout_loops_cross, minmay_temple_entry_statues_fountains,
          minmay_misc_feat_roman
D:6:      layout_rooms
D:7:      layout_layer_cave, mainiacjoe_overflow_surrounded_room,
          nicolae_elevator_lobby_plus
D:8:      layout_basic
D:9:      layout_loops_ring, david_lair_generic
D:10:     layout_rooms, grunt_qazlal_clouds, david_orc_5, grunt_decor_junction,
          minmay_fire_ice_demons, uniq_grum, uniq_psyche

Notes
Turn   | Place    | Note
-------+----------+-------------------------------------------
     0 | D:1      | spaghetti the Vine Stalker Artificer began the quest for
                  | the Orb.
     0 | D:1      | Reached XP level 1. HP: 9/9 MP: 2/2
     0 | D:1      | magus.rc [v1.9.6]
   197 | D:1      | Reached skill level 1 in Fighting
   200 | D:1      | Found a faded altar of an unknown god.
   210 | D:1      | Prayed at the altar of an unknown god.
   210 | D:1      | Became a worshipper of Trog the Wrathful
   210 | D:1      | Reached * piety under Trog
   275 | D:1      | Reached skill level 1 in Dodging
   278 | D:1      | Reached XP level 2. HP: 12/14 MP: 3/3
   288 | D:1      | HP: 5/21 [quokka (2)]
   304 | D:1      | HP: 3/14 [jackal (1)]
   304 | D:1      | HP: 1/14 [jackal (2)]
   840 | D:1      | Reached skill level 3 in Evocations
   840 | D:1      | Reached XP level 3. HP: 15/18 MP: 4/4
   913 | D:1      | Reached skill level 2 in Armour
  1886 | D:2      | Reached ** piety under Trog
  2057 | D:2      | Gained mutation: Your natural rate of healing is unusually
                  | fast. [Vine Stalker growth]
  2057 | D:2      | Reached XP level 4. HP: 17/23 MP: 5/5
  2322 | D:3      | Noticed Pargi
  2337 | D:3      | Killed Pargi
  2338 | D:3      | Reached skill level 2 in Fighting
  2338 | D:3      | Reached skill level 2 in Dodging
  2338 | D:3      | Reached XP level 5. HP: 26/26 MP: 4/6
  2430 | D:3      | You add the spells Sting, Poisonous Vapours and Olgreb's
                  | Toxic Radiance to your library.
  2720 | D:3      | You pick up a book of Hexes {forbidden} and begin
                  | reading...
  2720 | D:3      | You add the spells Inner Flame, Cause Fear and Discord to
                  | your library.
  2840 | D:3      | Identified the +7 plate armour of the Vaults {Int+3}
  2996 | D:4      | Found a shimmering blue altar of Sif Muna.
  2996 | D:4      | Found a glowing silver altar of Zin.
  2996 | D:4      | Found a shimmering altar of Xom.
  2996 | D:4      | Found a radiant altar of Vehumet.
  3061 | D:4      | Noticed a phantom
  3093 | D:4      | Killed a phantom
  3094 | D:4      | Reached skill level 3 in Armour
  3094 | D:4      | Reached XP level 6. HP: 28/32 MP: 4/7
  3638 | D:4      | Reached skill level 4 in Evocations
  3757 | D:4      | You pick up a book of Spectacle {forbidden} and begin
                  | reading...
  3757 | D:4      | You add the spells Dazzling Flash, Iskenderun's Mystic
                  | Blast and Starburst to your library.
  3850 | D:5      | Entered Level 5 of the Dungeon
  3850 | D:5      | Found a staircase to the Ecumenical Temple.
  3904 | D:5      | Reached skill level 3 in Fighting
  3904 | D:5      | Reached XP level 7. HP: 35/35 MP: 4/8
  3907 | D:5      | Reached *** piety under Trog
  3927 | D:5      | You pick up a book of Displacement {forbidden} and begin
                  | reading...
  3927 | D:5      | You add the spells Lesser Beckoning, Gell's Gravitas and
                  | Teleport Other to your library.
  3943 | D:5      | Reached skill level 4 in Armour
  4040 | D:5      | Reached skill level 3 in Dodging
  4420 | D:5      | Gained mutation: You have razor-sharp teeth. [Vine Stalker
                  | growth]
  4420 | D:5      | Reached XP level 8. HP: 42/42 MP: 9/9
  4435 | D:5      | You pick up a book of Debilitation {forbidden} and begin
                  | reading...
  4435 | D:5      | You add the spells Slow, Vampiric Draining and Confusing
                  | Touch to your library.
  4796 | D:7      | Reached skill level 5 in Armour
  4816 | D:7      | Reached skill level 4 in Fighting
  4832 | D:6      | Reached skill level 5 in Evocations
  4888 | D:6      | Noticed a two-headed ogre
  4895 | D:6      | Killed a two-headed ogre
  4896 | D:6      | Reached skill level 6 in Armour
  4896 | D:6      | Reached skill level 4 in Dodging
  4896 | D:6      | Reached XP level 9. HP: 30/46 MP: 10/10
  5002 | D:6      | Reached skill level 5 in Fighting
  5162 | D:6      | Reached skill level 6 in Evocations
  5425 | D:7      | Reached skill level 7 in Armour
  5425 | D:7      | Reached skill level 5 in Dodging
  5803 | D:7      | Reached XP level 10. HP: 52/52 MP: 11/11
  5827 | D:7      | Found a hazy altar of Hepliaklqana.
  6694 | D:8      | Reached skill level 6 in Fighting
  6761 | D:8      | You pick up a book of Vapours {forbidden} and begin
                  | reading...
  6951 | D:8      | Reached **** piety under Trog
  7324 | D:9      | Reached skill level 8 in Armour
  7393 | D:9      | Reached skill level 7 in Evocations
  7402 | D:9      | HP: 19/79 [yak (3)]
  7413 | D:9      | Reached skill level 6 in Dodging
  7415 | D:9      | HP: 8/53 [wyvern (8)]
  7475 | D:9      | Noticed an elephant
  7498 | D:9      | Killed an elephant
  7514 | D:9      | Found a staircase to the Lair.
  7552 | D:9      | Reached XP level 11. HP: 56/58 MP: 10/12
  7761 | D:9      | Reached skill level 9 in Armour
  7766 | D:9      | Reached skill level 7 in Fighting
  8300 | D:10     | Entered Level 10 of the Dungeon
  8431 | D:9      | Reached ***** piety under Trog
  8596 | D:9      | HP: 14/58 [poisoned by an orc]
  8597 | D:9      | HP: 6/58 [yak (1)]
  8599 | D:9      | HP: 1/87 [poisoned by an orc]
  8600 | D:9      | Succumbed to an orc's poison

Vanquished Creatures
  A two-headed ogre (D:6)
  An elephant (D:9)
  2 wraiths (D:9)
  2 wyverns (D:9)
  17 yaks
  2 ice beasts
  2 sky beasts (D:6)
  3 black bears
  5 orc warriors
  Pargi (D:3)
  3 centaurs
  2 phantoms (D:4)
  2 bullfrogs (D:8)
  2 gnoll sergeants
  2 necrophages (D:5)
  A scorpion (D:7)
  18 wights
  22 killer bees
  7 howler monkeys
  A jelly (D:6)
  2 orc priests (D:7)
  A hound (D:5)
  8 orc wizards
  12 gnolls
  7 adders
  A white imp (D:8)
  An ufetubus (D:4)
  2 worms
  A dart slug (D:4)
  20 orcs
  5 bats
  2 endoplasms (D:4)
  3 giant cockroaches
  9 hobgoblins
  9 jackals (D:1)
  6 quokkas
  4 ball pythons
  4 frilled lizards
  9 goblins
  2 kobolds (D:3)
  8 rats
212 creatures vanquished.

Vanquished Creatures (collateral kills)
  A black bear (D:9)
1 creature vanquished.

Vanquished Creatures (others)
  2 fungi (D:9)
  6 plants
8 creatures vanquished.

Grand Total: 221 creatures vanquished

Table legend:
 A = Non-vault XP
 B = Vault XP
 C = Vault XP percentage of total XP
 D = Non-vault monster count
 E = Vault monster count
 F = Vault count percentage of total count
                 A         B        C        D         E       F
            +---------+---------+-------+---------+---------+-------
      Total |   10941 |    1578 |  12.6 |     193 |      20 |   9.4
            +---------+---------+-------+---------+---------+-------
        D:1 |      44 |       7 |  13.7 |      26 |       4 |  13.3
        D:2 |      25 |       6 |  19.4 |       9 |       2 |  18.2
        D:3 |      33 |     128 |  79.5 |      12 |       1 |   7.7
        D:4 |     363 |       0 |   0.0 |      19 |       0 |   0.0
        D:5 |     664 |       0 |   0.0 |      16 |       0 |   0.0
        D:6 |    2208 |       0 |   0.0 |      16 |       0 |   0.0
        D:7 |    1393 |       0 |   0.0 |      22 |       0 |   0.0
        D:8 |    1516 |       0 |   0.0 |      25 |       0 |   0.0
        D:9 |    4566 |    1437 |  23.9 |      46 |      13 |  22.0
       D:10 |     129 |       0 |   0.0 |       2 |       0 |   0.0
            +---------+---------+-------+---------+---------+-------

Illustrated notes

Table legend:
 A = Kills in this place as a percentage of kills in entire the game.
 B = Kills by you in this place as a percentage of kills by you in the entire game.
 C = Kills by friends in this place as a percentage of kills by friends in the entire game.
 D = Other kills in this place as a percentage of other kills in the entire game.
 E = Experience gained in this place as a percentage of experience gained in the entire game.
 F = Experience gained in this place divided by the number of levels of this place that you have seen.
                   A       B       C       D       E      F
               +-------+-------+-------+-------+-------+----------------------
         Total | 100.0 | 100.0 | 100.0 |   N/A | 100.0 | 1251.9
       Dungeon | 100.0 | 100.0 | 100.0 |   N/A | 100.0 | 1251.9
               +-------+-------+-------+-------+-------+----------------------

Table legend: (Time is in decaauts)
 A = Elapsed time spent in this place.
 B = Non-inter-level travel time spent in this place.
 C = Inter-level travel time spent in this place.
 D = Time resting spent in this place.
 E = Time spent auto-exploring this place.
 F = Levels seen in this place.
 G = Mean time per level.
                   A        B        C        D        E       F      G
               +--------+--------+--------+--------+--------+-----+--------+
         Total |   8884 |   8555 |    329 |    461 |   6084 |  10 |  888.4 |
       Dungeon |   8884 |   8555 |    329 |    461 |   6084 |  10 |  888.4 |
               +--------+--------+--------+--------+--------+-----+--------+

Top non-repeatable levels by time:
     D:1: 1637 daAuts
     D:9: 1390 daAuts
     D:7: 1288 daAuts
     D:4: 927 daAuts
     D:8: 791 daAuts
     D:3: 782 daAuts
     D:5: 773 daAuts
     D:6: 629 daAuts
     D:2: 613 daAuts
    D:10: 51 daAuts
